 Dungeon Crawl Stone Soup version 0.31.0-4-g52a2dc7128 (webtiles) character file.

Game seed: 14013065990817940206

2555 Esekla the Sneak (level 9, -6/78 HPs)
             Began as a Green Draconian Delver on Jan 22, 2024.
             Was an Initiate of Gozag.
             Mangled by an orc knight
             ... wielding a +0 halberd
              (23 damage)
             ... in a bailey.
             The game lasted 00:49:50 (8322 turns).

Esekla the Sneak (Green Draconian Delver)           Turns: 8322, Time: 00:49:51

Health: -6/78      AC:  7    Str: 25    XL:     9   Next: 31%
Magic:  15/15      EV: 13    Int: 14    God:    Gozag
Gold:   217        SH:  0    Dex: 12    Spells: 13/16 levels left

rFire   . . .        a - +10 rapier of Wetas {freeze, Str+3 SInv}
rCold   . . .        (no shield)
rNeg    . . .        (body armour unavailable)
rPois   +            (helmet restricted)
rElec   .            (no cloak)
rCorr   .            (no gloves)
SInv    +            (no boots)
Will    .....        (no amulet)
Stlth   +++          i - +6 ring of strength
HPRegen 0.33/turn    p - ring of wizardry
MPRegen 0.14/turn

%: wizardry (x1)
@: short of breath
A: breathe noxious fumes, AC +7, unfitting armour, poison resistance,
cold-blooded
a: Breathe Noxious Fumes, Renounce Religion, Potion Petition, Call Merchant,
Bribe Branch


You were in a bailey.
You worshipped Gozag.
Gozag was aware of your devotion.
You visited 2 branches of the dungeon, and saw 8 of its levels.
You also visited: Bailey.

You collected 1726 gold pieces.
You spent 1045 gold pieces at shops.
You paid 464 gold pieces to Gozag.

Inventory:

Hand Weapons
 a - the +10 rapier of Wetas (weapon) {freeze, Str+3 SInv}
   (You bought it in a shop on level 7 of the Dungeon)

   Str+3:     It affects your strength (+3).
   SInv:      It lets you see invisible.
 c - a +0 falchion
 r - a +0 trident
 s - a +0 dagger
Missiles
 l - 3 boomerangs
Jewellery
 i - a +6 ring of strength (left hand)
 n - a ring of resist corrosion
 p - a ring of wizardry (right hand)
Wands
 f - a wand of digging (2)
 g - a wand of flame (6)
Scrolls
 b - 2 scrolls of fog
 u - 2 scrolls of acquirement
Potions
 e - 3 potions of magic
 k - 3 potions of attraction


   Skills:
 * Level 6.7 Fighting
 + Level 2.5(4.4) Short Blades
 + Level 5.7(6.0) Long Blades
 + Level 1.0 Throwing
 + Level 4.3 Dodging
 + Level 7.4 Stealth
 * Level 4.4 Spellcasting
 * Level 3.2 Necromancy


You had 13 spell levels left.
You knew the following spells:

 Your Spells              Type           Power      Damage    Failure   Level
d - Vampiric Draining     Necr           12%        2d6       6%          3

Your spell library contained the following spells:

 Spells                   Type           Power      Damage    Failure   Level
 Slow                     Hex            12%        N/A       8%          1
 Confusing Touch          Hex            3%         N/A       22%         3
 Sigil of Binding         Hex            3%         N/A       22%         3


Dungeon Overview and Level Annotations

Branches:
Dungeon (7/15)             Temple (1/1) D:5          Bailey (1/1)

Altars:
Ashenzari
Cheibriados
Dithmenos
Elyvilon
Fedhas
Gozag
Hepliaklqana
Kikubaaqudgha
Makhleb
Nemelex Xobeh
Okawaru
Qazlal
Ru
Sif Muna
Trog
Vehumet
Wu Jian
Yredelemnul
Zin
The Shining One

Shops:
D:5 (   D:7 (

Annotations:
D:3 Pargi
D:6 3 runed translucent doors, FizzleBang31's ghost, weakling TrDe


Innate Abilities, Weirdness & Mutations

You can breathe blasts of noxious fumes.
Your lurid green scales are hard. (AC +7)
You cannot fit into any form of body armour.
Your system is resistant to poisons. (rPois)
You are cold-blooded and may be slowed by cold attacks.


Message History

Aiming: Dig
Press: ? - help, Shift-Dir - straight line A rock wall.
The rock shatters into small pieces.
The orc knight roars a battlecry!
The orc knight roars a battlecry!
Throw: 4 darts (poison)
Press: ? - help, Q - select action, (/) - cycle Shift-Dir - straight line, f - orc knight
Aim: an orc knight, wielding a +0 halberd and wearing a +0 chain mail (moderately wounded, 53% to hit)
You throw a poisoned dart. The poisoned dart hits the orc knight.
The orc knight is poisoned.
The orc knight is moderately wounded.
Throw: 3 darts (poison)
Press: ? - help, Q - select action, (/) - cycle Shift-Dir - straight line, f/p - orc knight
Aim: an orc knight, wielding a +0 halberd and wearing a +0 chain mail (moderately wounded, poisoned, 53% to hit)
You throw a poisoned dart.
The poisoned dart closely misses the orc knight.
Throw: 2 darts (poison)
Press: ? - help, Q - select action, (/) - cycle Shift-Dir - straight line, f/p - orc knight
Aim: an orc knight, wielding a +0 halberd and wearing a +0 chain mail (moderately wounded, poisoned, 53% to hit)
You throw a poisoned dart.
The poisoned dart barely misses the orc knight.
Throw: dart (poison)
Press: ? - help, Q - select action, (/) - cycle Shift-Dir - straight line, f/p - orc knight
Aim: an orc knight, wielding a +0 halberd and wearing a +0 chain mail (moderately wounded, poisoned, 53% to hit)
You throw a poisoned dart.
The poisoned dart closely misses the orc knight.
Aiming: Breathe Noxious Fumes (4% risk of failure)
Press: ? - help, Shift-Dir - straight line, f/p - orc knight
Aim: an orc knight, wielding a +0 halberd and wearing a +0 chain mail (moderately wounded, poisoned, 54% to hit)
You exhale a blast of noxious fumes.
The blast of choking fumes hits the orc knight.
The orc knight is moderately wounded.
The orc knight is engulfed in noxious fumes.
The orc knight appears confused.
The orc knight looks more healthy.
The orc knight is engulfed in noxious fumes.
The orc knight hits you with a +0 halberd!!
You die...
Your body crumbles into a pile of gold.

### ##.# ##@##
##o## ♣♣♣♣♣♣♣♣
##○##
♣♣......♣♣##○##
♣........♣#○##
#♣..∩..∩..♣☼##
#.........(##
#..........##
!....)......#


You could see an orc knight (confused).

Vanquished Creatures
  Prince Ribbit (D:7)
  A water moccasin (D:6)
  2 sky beasts
  6 orc warriors
  2 ice beasts (D:6)
  A black bear (D:5)
  A phantom (D:4)
  6 scorpions (D:6)
  A crimson imp (D:6)
  3 bombardier beetles
  3 hounds
  4 orc priests
  2 sleepcaps
  3 iguanas
  3 orc wizards
  8 adders
  A white imp (D:5)
  2 dart slugs
  2 ribbon worms
  17 orcs
  4 bats
  2 endoplasms
  4 giant cockroaches
  9 goblins
  4 hobgoblins
  2 quokkas
  4 ball pythons
  5 frilled lizards
  11 kobolds
  2 rats
116 creatures vanquished.

Vanquished Creatures (collateral kills)
  2 scorpions (D:6)
2 creatures vanquished.

Grand Total: 118 creatures vanquished

Notes
Turn   | Place    | Note
-------+----------+-------------------------------------------
     0 | D:5      | Esekla the Draconian Delver began the quest for the Orb.
     0 | D:5      | Reached XP level 1. HP: 19/19 MP: 1/1
     9 | D:5      | Found Zucuech's Weapon Boutique.
    25 | D:5      | Noticed an orc priest
    63 | D:5      | Found a staircase to the Ecumenical Temple.
    72 | Temple   | Entered the Ecumenical Temple
   113 | D:5      | Noticed an iguana
   184 | Temple   | Became a worshipper of Gozag Ym Sagoz the Greedy
   237 | D:5      | Noticed an orc wizard
   459 | D:4      | Noticed a gnoll bouda
   459 | D:4      | Noticed a sleepcap
   495 | D:4      | Reached XP level 2. HP: 22/26 MP: 2/2
   506 | D:4      | Reached XP level 3. HP: 14/33 MP: 2/4
   882 | D:3      | Reached skill level 5 in Stealth
   892 | D:3      | Found a faded altar of an unknown god.
  1005 | D:3      | Found a radiant altar of Vehumet.
  1006 | D:3      | Found a shadowy altar of Dithmenos.
  1029 | D:3      | Found an ornate altar of the Wu Jian Council.
  1029 | D:3      | Found a sacrificial altar of Ru.
  1546 | D:2      | Reached skill level 1 in Spellcasting
  1795 | D:1      | Reached XP level 4. HP: 38/40 MP: 5/5
  2373 | D:3      | Noticed Pargi
  3378 | D:4      | Noticed a phantom
  3403 | D:4      | Killed a phantom
  3404 | D:4      | Reached XP level 5. HP: 30/46 MP: 7/7
  3910 | D:4      | HP: 2/46 [orc priest/+0 short sword (4)]
  4370 | D:4      | Reached XP level 6. HP: 19/53 MP: 8/8
  4765 | D:5      | Noticed an orc warrior
  5667 | D:6      | Found a runed translucent gate.
  5667 | D:6      | Found a runed translucent gate.
  5667 | D:6      | Found a runed translucent gate.
  5670 | D:6      | Noticed FizzleBang31's ghost (weakling TrDe)
  5713 | D:6      | Noticed a warg
  5719 | D:6      | Noticed an orc warrior
  5721 | D:6      | Noticed an orc warrior
  5786 | D:5      | Your scales start taking on a lurid green colour.
  5786 | D:5      | Reached XP level 7. HP: 60/60 MP: 10/10
  5786 | D:5      | Gained mutation: Your system is resistant to poisons.
                  | (rPois) [Green Draconian growth]
  5880 | D:5      | Reached skill level 5 in Fighting
  5880 | D:5      | Reached skill level 6 in Stealth
  6175 | D:6      | Identified 3 scrolls of acquirement
  6175 | D:6      | Acquired 673 gold pieces
  6187 | D:6      | Reached XP level 8. HP: 22/69 MP: 12/12
  6192 | D:6      | Reached skill level 1 in Short Blades
  6192 | D:6      | Reached skill level 5 in Long Blades
  6500 | D:6      | Learned a level 3 spell: Vampiric Draining
  6833 | D:6      | Reached skill level 1 in Necromancy
  7073 | D:5      | Reached skill level 7 in Stealth
  7498 | D:6      | Reached skill level 1 in Throwing
  7913 | D:7      | Bought the +10 rapier of Wetas {freeze, Str+3 SInv} for
                  | 1045 gold pieces
  7918 | D:7      | Noticed Prince Ribbit
  7929 | D:7      | Killed Prince Ribbit
  7930 | D:7      | Reached XP level 9. HP: 78/78 MP: 15/15
  7935 | D:7      | Noticed a two-headed ogre
  8052 | D:7      | Found a flagged portal.
  8089 | Bailey   | Entered a bailey
  8261 | Bailey   | Noticed an orc knight
  8280 | Bailey   | HP: 2/78 [orc warrior/+0 glaive (14)]
  8322 | Bailey   | Mangled by an orc knight

Illustrated notes

Levels and vault maps discovered:
D:1:      eino_arrival_tree_alley, layout_basic, minmay_misc_feat_secret_circle,
          kennysheep_decorative_pillar
D:2:      layout_basic, minmay_tetromino_o4
D:3:      layout_loops_corners, chequers_temple_overflow_statue_of_worship,
          chequers_ecumenical_altar_island, kennysheep_minor_cross,
          kennysheep_path_1, lexackson_kobold_supper, uniq_pargi
D:4:      layout_loops_ring, hellmonk_no_cap
D:5:      layout_loops_cross, lemuel_temple_firewalk_b, serial_shops, shop
D:6:      old_forge, layout_loops_cross, biasface_ghost_orc_armoury,
          minmay_fire_ice_demons
D:7:      layout_cave_pools, lemuel_coloured_pillars_altar, enter_bailey_3,
          kennysheep_generic_room_3, uniq_crazy_yiuf_cottage, uniq_duvessa,
          uniq_prince_ribbit1, uniq_pikel
Temple:   regret_index_temple_sphere_string
Bailey:   bailey_polearm_elven_captive_hellmonk, bailey

Skill      XL: |  1  2  3  4  5  6  7  8  9 |
---------------+----------------------------+-----
Stealth        | 5 6 7 |  7.4
Spellcasting   | 1 2 3 4 |  4.4
Fighting       | 4 5 6 |  6.7
Dodging        | 2 3 4 |  4.3
Long Blades    | 3 4 5 |  5.7
Short Blades   | 2 |  2.5
Necromancy     | 2 3 |  3.2
Throwing       | 1 |  1.0

Action                     |  1- 3 |  4- 6 |  7- 9 || total
---------------------------+-------+-------+-------++-------
  Melee: Falchion          |    63 |   197 |    79 ||   339
         Tailslap          |     6 |    27 |    40 ||    73
         Dagger            |     5 |    13 |    94 ||   112
         Punch             |     1 |     1 |     2 ||     4
         Rapier            |       |       |    37 ||    37
  Throw: Dart              |       |     2 |    17 ||    19
   Cast: Vampiric Draining |       |       |     7 ||     7
 Invoke: Call Merchant     |       |       |     1 ||     1
Ability: Breathe Noxious F |       |       |    21 ||    21
  Evoke: Wand              |       |       |     2 ||     2
    Use: Scroll            |     4 |     3 |     8 ||    15
         Potion            |     2 |     1 |     3 ||     6
   Stab: Sleeping          |     4 |    10 |     4 ||    18
         Confused          |       |       |    16 ||    16
         Held in net/web   |       |       |     1 ||     1
 Armour: Skin              |    36 |   128 |   112 ||   276
  Dodge: Dodged            |    40 |   128 |   128 ||   296
